 Zot Defence DCSS version 0.16-a0-1157-gec61f8e (webtiles) character file.

12 Kashira the Grave Robber (level 2, -3/22 HPs)
             Began as a Deep Dwarf Necromancer on Oct 8, 2014.
             Slain by a goblin
             ... wielding a +0 club
              (4 damage)
             ... in the Realm of Zot (Scenario I: Hall of Zot).
             The game lasted 00:01:25 (238 turns).

Kashira the Grave Robber (Deep Dwarf Necromancer)    Turns: 238, Time: 00:01:26

Health: -3/22      AC:  2    Str: 11    XL:     2   Next: 20%
Magic:  0/3        EV: 13    Int: 15    God:
Gold:   0          SH:  0    Dex: 13    Spells: 1 memorised, 3 levels left

rFire  . . .     SeeInvis .     (no weapon)
rCold  . . .     Clarity  .     a - +0 robe
rNeg   . . .     SustAb   .     (no shield)
rPois  .         Gourm    .     (no helmet)
rElec  .         Spirit   .     (no cloak)
rCorr  .         Warding  .     (no gloves)
rMut   .         Stasis   .     (no boots)
MR     .....                    (no amulet)
Stlth  ++........               (no ring)
                                (no ring)

@: non-regenerating, not resistant to hostile enchantments, unstealthy
A: damage resistance, recharge devices, sense surroundings 1, slow healing 3
a: Make oklob sapling, Device Recharging


You were in the Realm of Zot.
You were not hungry.

You visited 1 branch

Inventory:

Armour
 a - a +0 robe (worn)
Magical devices
 c - a wand of heal wounds (4)
Comestibles
 f - a bread ration
Scrolls
 j - a scroll of blinking
Potions
 d - 3 potions of curing
 e - a potion of heal wounds
 g - a potion of haste
 h - 2 potions of magic
 i - a potion of berserk rage
Books
 b - a book of Necromancy

   Spells                             Type                      Level
   *Pain                              Necromancy                   1
   Animate Skeleton                   Necromancy                   1
   Vampiric Draining                  Necromancy                   3
   Regeneration                       Charms/Necromancy            3
   Animate Dead                       Necromancy                   4
   Control Undead                     Necromancy                   4


   Skills:
 + Level 2.6 Dodging
 - Level 2.4 Stealth
 + Level 1.7 Spellcasting
 + Level 4.7 Necromancy


You had 3 spell levels left.
You knew the following spells:

 Your Spells              Type           Power        Failure   Level  Hunger
a - Pain                  Necr           ###.         3%          1    ##.....


Dungeon Overview and Level Annotations

Branches:
    Zot (1/1)

Altars:


Innate Abilities, Weirdness & Mutations

You are resistant to damage.
You can recharge devices by infusing magical energy.
You passively map a small area around you.
You do not heal naturally.


Message History

The goblin hits you with a club.
Casting: Pain
Confirm with . or Enter, or press ? or * to list all spells.
Aiming: Pain
Press: ? - help, Shift-Dir - straight line, f - ball python
Aim: a ball python (constricting you)
The ball python convulses in agony!
You kill the ball python!
Egejuu Wegas shoots an arrow.
The arrow hits your oklob sapling! The giant newt closely misses you.
The rat bites you. The kobold barely misses you. The goblin closely misses you.
Egejuu Wegas shoots an arrow.
The arrow hits your oklob sapling!
Your oklob sapling is destroyed!
You closely miss the kobold.
The kobold is heavily wounded.
The rat misses you.
Egejuu Wegas shoots an arrow.
The arrow hits you!
* * * LOW HITPOINT WARNING * * *
The giant newt closely misses you. The kobold misses you.
The goblin hits you with a club.
You die...

▓▓▓▓▓▓▓▓ ▓▓▓▓▓▓▓▓ ....▓▓▓▓
▓▓▓▓.... .......▓▓▓ ▓▓▓.......
.........▓▓ ▓▓.........
..........▓ ▓▓▓▓▓▓▓▓▓ ▓..........
..........▓▓▓.......▓▓▓..........
..........▓▓.........▓▓..........
..........▓....K.)....▓..........
...........c.%(.@r...............
..........▓....g.l....▓..........
..........▓▓.........▓▓..........
..........▓▓▓.......▓▓▓..........
..........# ▓▓▓▓▓▓▓▓▓ #..........
.........## ##.........
.......### ###....... ....####
####.... ######### #########


You could see Egejuu Wegas the centaur, a goblin, a kobold, a giant newt and a
rat.

Vanquished Creatures
  A kobold (Zot)
  An ooze (Zot)
  A ball python (Zot)
  A bat (Zot)
  A goblin (Zot)
  2 rats (Zot)
7 creatures vanquished.

Vanquished Creatures (others)
  An oklob sapling (Zot)
1 creature vanquished.

Grand Total: 8 creatures vanquished

Notes
Turn   | Place    | Note
--------------------------------------------------------------
     0 | Zot      | Kashira, the Deep Dwarf Necromancer, began the quest for the Orb.
     0 | Zot      | Reached XP level 1. HP: 15/15 MP: 2/2
   227 | Zot      | Reached XP level 2. HP: 10/22 MP: 0/3
   231 | Zot      | Noticed Egejuu Wegas
   238 | Zot      | HP: 1/22 [Egejuu Wegas/arrow (9)]
   238 | Zot      | Slain by a goblin

Action                   || total
-------------------------++-------
Melee: Unarmed           ||    32
 Cast: Pain              ||     5
 Abil: Make oklob saplin ||     1
Evoke: Wand              ||     1
